Senateurs vs Canadiens
Created - December 7, 2022 at 19:57
Goals
|
| Senateurs |
0 |
4 |
0 |
4 |
| Canadiens |
1 |
1 |
5 |
7 |
|
Shots
|
| Senateurs |
8 |
21 |
5 |
34 |
| Canadiens |
12 |
10 |
11 |
33 |
|
1st period
1. Canadiens , Greg Stewart 6 (Kevin Shattenkirk 10, Cam Fowler 6) at 14:23
Penalties :
Chris Kreider (Mon) for Hooking (Minor) at 10:53
2nd period
2. Senateurs , Ladislav Smid 2 (Unassisted) at 3:51 (PP)
3. Senateurs , Sidney Crosby 10 (David Backes 7, Sean Bergenheim 8) at 4:39 (PP)
4. Senateurs , David Backes 12 (Sidney Crosby 13, Cody Eakin 2) at 12:23
5. Senateurs , David Backes 13 (Sidney Crosby 14, Sean Bergenheim 9) at 14:31 (PP)
6. Canadiens , Chris Kreider 12 (Mika Zibanejad 12) at 15:45
Penalties :
Adam Fox (Mon) for Hooking (Minor) at 0:24, Brian Dumoulin (Mon) for Holding (Minor) at 2:50, Adam Fox (Mon) for Hooking (Minor) at 4:09, Phil Kessel (Mon) for Roughing (Minor) at 8:03, Adam Fox (Mon) for Roughing (Minor) at 12:51
3rd period
7. Canadiens , Phil Kessel 4 (Chris Kreider 14, Mika Zibanejad 13) at 0:48 (PP)
8. Canadiens , Jean-Gabriel Pageau 6 (Kevin Shattenkirk 11) at 1:23
9. Canadiens , Mattias Tedenby 4 (Greg Stewart 9, Jean-Gabriel Pageau 9) at 5:09
10. Canadiens , Adam Fox 6 (Mika Zibanejad 14) at 8:24 (PP)
11. Canadiens , Steve Downie 5 (Ryan Kesler 7) at 18:01
Penalties :
Sean Bergenheim (Ott) for Cross-checking (Minor) at 0:41, Taylor Chorney (Ott) for Interference (Minor) at 7:57
Goalie Stats
Jonathan Bernier (Ott), 26 saves from 33 shots - (0.788), L, 5-7-1, 60:00 minutes
Kristers Gudlevskis (Mon), 30 saves from 34 shots - (0.882), W, 12-2-1, 60:00 minutes
Players Stats for Senateurs
Player Name G A P +/- PIM S H SB GA TA FO MP PP MP PK MP
------------------------------------------------------------------------------------
Cody Eakin 0 1 1 0 0 1 1 0 0 0 6/11 13:41 0:00 0:00
David Backes 2 1 3 -1 0 11 0 1 1 1 3/4 22:27 5:20 0:34
Eric Gelinas 0 0 0 -1 0 1 2 1 0 1 0/0 25:46 6:29 0:34
Evgeni Malkin 0 0 0 -3 0 2 0 0 1 1 4/11 17:15 3:48 0:00
Garnet Hathaway 0 0 0 0 0 0 0 0 0 0 0/0 7:37 0:00 0:00
Jared Cowen 0 0 0 -2 0 4 1 0 0 0 0/0 23:16 6:29 0:34
Jason Pominville 0 0 0 0 0 0 0 0 1 1 0/0 12:47 0:00 0:00
Jeff Woywitka 0 0 0 -1 0 1 2 0 0 0 0/0 15:32 0:00 0:00
Jordan Martinook 0 0 0 0 0 1 1 0 0 0 0/0 7:32 0:00 0:00
Ladislav Smid 1 0 1 -1 0 1 0 0 0 0 0/0 17:41 2:38 0:00
Michael Matheson 0 0 0 -2 0 1 1 1 0 1 0/0 16:32 0:00 0:00
Reilly Smith 0 0 0 -3 0 0 2 0 3 0 0/0 17:09 3:48 0:00
Rostislav Olesz 0 0 0 -3 0 0 1 0 0 2 0/0 17:15 3:48 0:00
Sean Bergenheim 0 2 2 -1 2 2 1 1 1 2 4/4 21:40 5:20 0:00
Sidney Crosby 1 2 3 -1 0 7 3 0 0 0 17/29 22:20 5:20 0:34
Taylor Chorney 0 0 0 -1 2 0 0 0 0 0 0/0 21:11 2:39 0:00
Tim Schaller 0 0 0 0 0 2 1 0 1 1 0/1 13:01 0:00 0:00
Tomas Nosek 0 0 0 0 0 0 1 1 0 0 0/1 6:41 0:00 0:00
Players Stats for Canadiens
Player Name G A P +/- PIM S H SB GA TA FO MP PP MP PK MP
------------------------------------------------------------------------------------
Adam Fox 1 0 1 1 6 1 1 0 2 2 0/0 22:29 0:34 0:00
Brandon Bollig 0 0 0 0 0 1 2 0 0 0 0/0 9:37 0:00 1:04
Brian Dumoulin 0 0 0 -1 2 0 0 1 0 0 0/0 14:18 0:00 2:48
Cam Fowler 0 1 1 4 0 0 1 2 2 2 0/0 23:23 0:00 6:17
Chris Kreider 1 1 2 0 2 9 0 0 0 0 1/3 20:09 0:34 2:13
Corban Knight 0 0 0 0 0 1 0 0 0 0 3/3 8:54 0:00 0:34
Greg Stewart 1 1 2 3 0 2 2 1 0 0 0/1 14:47 0:00 0:07
Ian White 0 0 0 -1 0 0 1 0 0 1 0/0 14:09 0:00 2:51
Jean-Gabriel Pageau 1 1 2 3 0 2 0 0 1 0 10/27 20:57 0:00 5:45
Jordan Szwarz 0 0 0 0 0 0 0 0 1 0 0/0 8:22 0:00 0:00
Kevin Shattenkirk 0 2 2 3 0 0 4 1 1 1 0/0 30:35 0:34 6:17
Mark Stuart 0 0 0 2 0 0 1 1 0 0 0/0 14:52 0:00 0:03
Mattias Tedenby 1 0 1 3 0 2 1 0 0 0 1/1 14:40 0:00 0:00
Mika Zibanejad 0 3 3 0 0 5 2 1 1 1 6/19 20:37 0:34 2:49
Phil Kessel 1 0 1 0 2 3 0 0 0 0 2/2 17:55 0:34 0:00
Ryan Kesler 0 1 1 1 0 4 1 0 0 0 3/4 9:35 0:00 0:00
Scott Hartnell 0 0 0 1 0 1 3 0 0 1 1/1 15:52 0:00 5:44
Steve Downie 1 0 1 1 0 2 2 0 2 0 0/0 9:35 0:00 0:00
3 Stars
1 - Greg Stewart (Mon)
2 - Kevin Shattenkirk (Mon)
3 - Jean-Gabriel Pageau (Mon)
Power Play
Senateurs - 3 on 5 Attempt(s) - 60.00%
Canadiens - 2 on 3 Attempt(s) - 66.67%
Penalty Kill
Senateurs - 1 on 3 Attempt(s) - 33.33%
- Score 0 goal in Penalty Kill
Canadiens - 2 on 5 Attempt(s) - 40.00%
- Score 0 goal in Penalty Kill
Team Stat
Senateurs - Hits : 17 - Faceoff Wins : 34 - Blocked Shots : 5 - Penalty Minutes : 4
Canadiens - Hits : 21 - Faceoff Wins : 27 - Blocked Shots : 7 - Penalty Minutes : 12
Official
Referees : Jon McIsaac and Brandon Schrader
Linesman : Travis Toomey and Bevan Mills
Game Notes
3:51 of 2nd period - Penalty Shot by Ladislav Smid for Senateurs - Goal!
Finance
Level 1 -- Attendance: 6000 (100.00%) -- Ticket Income $600,000
Level 2 -- Attendance: 4620 (92.40%) -- Ticket Income $277,200
Level 3 -- Attendance: 1949 (97.45%) -- Ticket Income $68,215
Level 4 -- Attendance: 3781 (94.53%) -- Ticket Income $94,525
Luxury Box -- Attendance: 1000 (100.00%) -- Ticket Income $200,000
Game was played at the Centre Bell.
Total Attendance: 17350 (96.39%)
Total Ticket Income: $1,239,940
Other Income: $185,991
Total Income: $1,425,931
Senateurs
5 vs 5 Forward
Center Left Wing Right Wing Time % Phy DF OF
1 Sidney Crosby Sean Bergenheim David Backes 35 0 1 4
2 Evgeni Malkin Rostislav Olesz Reilly Smith 30 0 2 3
3 Cody Eakin Tim Schaller Jason Pominville 30 1 2 2
4 Tomas Nosek Jordan Martinook Garnet Hathaway 5 0 3 2
5 vs 5 Defense
Defense Defense Time % Phy DF OF
1 Jared Cowen Michael Matheson 35 0 3 2
2 Eric Gelinas Taylor Chorney 35 0 3 2
3 Ladislav Smid Jeff Woywitka 30 0 3 2
4 Jared Cowen Eric Gelinas 0 0 3 2
PowerPlay Forward
Center Left Wing Right Wing Time % Phy DF OF
1 Sidney Crosby Sean Bergenheim David Backes 60 0 0 5
2 Evgeni Malkin Rostislav Olesz Reilly Smith 40 0 1 4
PowerPlay Defense
Defense Defense Time % Phy DF OF
1 Jared Cowen Eric Gelinas 60 0 0 5
2 Ladislav Smid Taylor Chorney 40 0 1 4
Penalty Kill 4 Players Forward
Center Wing Time % Phy DF OF
1 Sidney Crosby David Backes 60 1 4 0
2 Evgeni Malkin Reilly Smith 40 1 4 0
Penalty Kill 4 Players Defense
Defense Defense Time % Phy DF OF
1 Jared Cowen Eric Gelinas 60 1 4 0
2 Ladislav Smid Taylor Chorney 40 1 4 0
Penalty Kill - 3 Players Forward
Forward Time % Phy DF OF
1 Sidney Crosby 60 0 5 0
2 Evgeni Malkin 40 1 4 0
Penalty Kill - 3 Players Defense
Defense Defense Time % Phy DF OF
1 Jared Cowen Eric Gelinas 60 0 5 0
2 Ladislav Smid Taylor Chorney 40 1 4 0
4 vs 4 Forward
Center Wing Time % Phy DF OF
1 Sidney Crosby Sean Bergenheim 60 1 2 2
2 Evgeni Malkin Rostislav Olesz 40 1 2 2
4 vs 4 Defense
Defense Defense Time % Phy DF OF
1 Jared Cowen Eric Gelinas 60 1 2 2
2 Ladislav Smid Taylor Chorney 40 1 2 2
Last Minutes Offensive
Center Left Wing Right Wing Defense Defense
Sidney Crosby Sean Bergenheim David Backes Jared Cowen Eric Gelinas
Last Minutes Defensive
Center Left Wing Right Wing Defense Defense
Sidney Crosby Sean Bergenheim David Backes Jared Cowen Eric Gelinas
Goaltenders
Starting : Jonathan Bernier
Backup : Brian Elliott
Extra Forwards
Normal : Reilly Smith, Sean Bergenheim, Rostislav Olesz - PP : Reilly Smith, Sean Bergenheim - PK : Reilly Smith
Extra Defensemen
Normal : Taylor Chorney, Michael Matheson, Jeff Woywitka - PP : Taylor Chorney - PK : Taylor Chorney, Michael Matheson
Penalty Shots
Sidney Crosby, Evgeni Malkin, David Backes, Jason Pominville, Reilly Smith
Scratches
Jordan Schroeder (Healthy)
Canadiens
5 vs 5 Forward
Center Left Wing Right Wing Time % Phy DF OF
1 Mika Zibanejad Chris Kreider Phil Kessel 40 0 1 4
2 Jean-Gabriel Pageau Greg Stewart Mattias Tedenby 35 0 1 4
3 Ryan Kesler Scott Hartnell Steve Downie 20 0 2 3
4 Corban Knight Brandon Bollig Jordan Szwarz 5 0 3 2
5 vs 5 Defense
Defense Defense Time % Phy DF OF
1 Kevin Shattenkirk Adam Fox 40 0 2 3
2 Mark Stuart Cam Fowler 30 0 2 3
3 Ian White Brian Dumoulin 20 0 3 2
4 Kevin Shattenkirk Cam Fowler 10 1 2 2
PowerPlay Forward
Center Left Wing Right Wing Time % Phy DF OF
1 Mika Zibanejad Chris Kreider Phil Kessel 60 0 0 5
2 Jean-Gabriel Pageau Greg Stewart Mattias Tedenby 40 0 0 5
PowerPlay Defense
Defense Defense Time % Phy DF OF
1 Kevin Shattenkirk Adam Fox 60 0 0 5
2 Mark Stuart Cam Fowler 40 0 0 5
Penalty Kill 4 Players Forward
Center Wing Time % Phy DF OF
1 Jean-Gabriel Pageau Scott Hartnell 60 0 4 1
2 Mika Zibanejad Chris Kreider 40 0 4 1
Penalty Kill 4 Players Defense
Defense Defense Time % Phy DF OF
1 Kevin Shattenkirk Cam Fowler 60 1 4 0
2 Brian Dumoulin Ian White 40 1 4 0
Penalty Kill - 3 Players Forward
Forward Time % Phy DF OF
1 Corban Knight 60 0 5 0
2 Ryan Kesler 40 0 5 0
Penalty Kill - 3 Players Defense
Defense Defense Time % Phy DF OF
1 Mark Stuart Brian Dumoulin 60 1 4 0
2 Ian White Cam Fowler 40 1 4 0
4 vs 4 Forward
Center Wing Time % Phy DF OF
1 Ryan Kesler Steve Downie 60 0 2 3
2 Corban Knight Mattias Tedenby 40 0 2 3
4 vs 4 Defense
Defense Defense Time % Phy DF OF
1 Mark Stuart Ian White 60 0 3 2
2 Kevin Shattenkirk Cam Fowler 40 0 3 2
Last Minutes Offensive
Center Left Wing Right Wing Defense Defense
Mika Zibanejad Chris Kreider Phil Kessel Kevin Shattenkirk Adam Fox
Last Minutes Defensive
Center Left Wing Right Wing Defense Defense
Jean-Gabriel Pageau Scott Hartnell Steve Downie Kevin Shattenkirk Cam Fowler
Goaltenders
Starting : Kristers Gudlevskis
Backup : Allen York
Extra Forwards
Normal : Chris Kreider, Mika Zibanejad, Jean-Gabriel Pageau - PP : Chris Kreider, Mika Zibanejad - PK : Scott Hartnell
Extra Defensemen
Normal : Kevin Shattenkirk, Cam Fowler, Adam Fox - PP : Kevin Shattenkirk - PK : Cam Fowler, Kevin Shattenkirk
Penalty Shots
Mattias Tedenby, Phil Kessel, Ryan Kesler, Greg Stewart, Mika Zibanejad
Scratches
Nick Spaling (Healthy), Philip Larsen (Left Knee Injury)
% Time on Ice - Senateurs
Lines # - Real PCT - Wanted PCT - Time Play
Normal Forward
1 - 32% - 35% - 15:53
2 - 30% - 30% - 14:57
3 - 25% - 30% - 12:47
4 - 13% - 5% - 6:41
Normal Defense
1 - 35% - 35% - 17:23
2 - 37% - 35% - 18:33
3 - 29% - 30% - 14:22
4 - 0% - 0% - 0:00
PP Forward
1 - 58% - 60% - 5:20
2 - 42% - 40% - 3:48
PP Defense
1 - 71% - 60% - 6:29
2 - 29% - 40% - 2:39
PK Forward
1 - 100% - 60% - 0:34
2 - 0% - 40% - 0:00
PK Defense
1 - 100% - 60% - 0:34
2 - 0% - 40% - 0:00
PK3 Forward
1 - 0% - 60%
2 - 0% - 40%
PK3 Defense
1 - 0% - 60%
2 - 0% - 40%
44 Forward
1 - 0% - 60%
2 - 0% - 40%
44 Defense
1 - 0% - 60%
2 - 0% - 40%
Last Minute Offensive - 0:00
Last Minute Defensive - 0:00
Total
Forward - 60:00
Defense - 60:00
|
% Time on Ice - Canadiens
Lines # - Real PCT - Wanted PCT - Time Play
Normal Forward
1 - 35% - 40% - 17:41
2 - 30% - 35% - 14:59
3 - 19% - 20% - 9:35
4 - 16% - 5% - 8:03
Normal Defense
1 - 41% - 40% - 20:43
2 - 30% - 30% - 15:04
3 - 23% - 20% - 11:23
4 - 6% - 10% - 3:08
PP Forward
1 - 100% - 60% - 0:34
2 - 0% - 40% - 0:00
PP Defense
1 - 100% - 60% - 0:34
2 - 0% - 40% - 0:00
PK Forward
1 - 69% - 60% - 6:19
2 - 31% - 40% - 2:49
PK Defense
1 - 69% - 60% - 6:17
2 - 31% - 40% - 2:51
PK3 Forward
1 - 0% - 60%
2 - 0% - 40%
PK3 Defense
1 - 0% - 60%
2 - 0% - 40%
44 Forward
1 - 0% - 60%
2 - 0% - 40%
44 Defense
1 - 0% - 60%
2 - 0% - 40%
Last Minute Offensive - 0:00
Last Minute Defensive - 0:00
Total
Forward - 60:00
Defense - 60:00
|
Play-by-Play
1st period
0:01 of 1st period - Sidney Crosby wins face-off versus Mika Zibanejad in neutral zone.
0:12 of 1st period - Slapshot by Mika Zibanejad.
0:12 of 1st period - Deflect By Phil Kessel.
0:12 of 1st period - Stopped by Jonathan Bernier without a rebound.
0:13 of 1st period - Evgeni Malkin wins face-off versus Jean-Gabriel Pageau in Senateurs zone.
0:13 of 1st period - Evgeni Malkin is hit by Mattias Tedenby.
0:39 of 1st period - Scott Hartnell is hit by Tim Schaller and loses puck.
1:08 of 1st period - Slapshot by Mika Zibanejad.
1:08 of 1st period - Stopped by Jonathan Bernier with a rebound.
2:00 of 1st period - Kevin Shattenkirk is hit by Rostislav Olesz and loses puck.
3:14 of 1st period - Snap shot by Sean Bergenheim.
3:14 of 1st period - Shot Blocked by Brian Dumoulin.
3:16 of 1st period - Snap shot by Sean Bergenheim.
3:16 of 1st period - Stopped by Kristers Gudlevskis with a rebound.
3:28 of 1st period - Snap shot by Sidney Crosby.
3:28 of 1st period - Stopped by Kristers Gudlevskis with a rebound.
3:30 of 1st period - Wrist shot by Taylor Chorney.
3:30 of 1st period - Shot Misses the Net.
3:48 of 1st period - Wrist shot by Corban Knight.
3:48 of 1st period - Stopped by Jonathan Bernier with a rebound.
4:52 of 1st period - Slapshot by Brandon Bollig.
4:52 of 1st period - Stopped by Jonathan Bernier without a rebound.
4:53 of 1st period - Cody Eakin wins face-off versus Mika Zibanejad in Senateurs zone.
5:20 of 1st period - Cam Fowler is hit by Reilly Smith and loses puck.
5:39 of 1st period - Michael Matheson is hit by Steve Downie and loses puck.
5:46 of 1st period - Snap shot by Ryan Kesler.
5:46 of 1st period - Stopped by Jonathan Bernier with a rebound.
5:52 of 1st period - Snap shot by Scott Hartnell.
5:52 of 1st period - Shot Misses the Net.
7:05 of 1st period - Mattias Tedenby is hit by Jeff Woywitka and loses puck.
8:23 of 1st period - Reilly Smith is hit by Greg Stewart and loses puck.
8:32 of 1st period - Greg Stewart is hit by Reilly Smith and loses puck.
8:43 of 1st period - Tim Schaller is hit by Scott Hartnell and loses puck.
10:12 of 1st period - Icing by Ladislav Smid.
10:13 of 1st period - Mattias Tedenby wins face-off versus Sidney Crosby in Senateurs zone.
10:33 of 1st period - Off-side.
10:34 of 1st period - Cody Eakin wins face-off versus Mika Zibanejad in neutral zone.
10:37 of 1st period - Wrist shot by Chris Kreider.
10:37 of 1st period - Stopped by Jonathan Bernier with a rebound.
10:45 of 1st period - Slapshot by Tim Schaller.
10:45 of 1st period - Shot Misses the Net.
10:47 of 1st period - Snap shot by Eric Gelinas.
10:47 of 1st period - Shot Misses the Net.
10:53 of 1st period - Minor Penalty to Chris Kreider for Hooking.
10:54 of 1st period - Sidney Crosby wins face-off versus Jean-Gabriel Pageau in Canadiens zone.
11:09 of 1st period - Jean-Gabriel Pageau is hit by Eric Gelinas and loses puck.
11:32 of 1st period - Evgeni Malkin is hit by Kevin Shattenkirk and loses puck.
12:53 of 1st period - Penalty to Chris Kreider is over, Chris Kreider is back on ice.
13:20 of 1st period - Backhand shot by Jared Cowen.
13:20 of 1st period - Stopped by Kristers Gudlevskis with a rebound.
13:22 of 1st period - Snap shot by Jordan Martinook.
13:22 of 1st period - Shot Blocked by Mark Stuart.
13:24 of 1st period - Slapshot by Jared Cowen.
13:24 of 1st period - Stopped by Kristers Gudlevskis with a rebound.
13:26 of 1st period - Wrist shot by Jordan Martinook.
13:26 of 1st period - Shot Misses the Net.
13:40 of 1st period - Slapshot by Adam Fox.
13:40 of 1st period - Deflect By Phil Kessel.
13:40 of 1st period - Stopped by Jonathan Bernier without a rebound.
13:41 of 1st period - Evgeni Malkin wins face-off versus Mika Zibanejad in Senateurs zone.
13:48 of 1st period - Wrist shot by Reilly Smith.
13:48 of 1st period - Shot Misses the Net.
13:50 of 1st period - Slapshot by Jeff Woywitka.
13:50 of 1st period - Shot Misses the Net.
13:52 of 1st period - Slapshot by Ladislav Smid.
13:52 of 1st period - Stopped by Kristers Gudlevskis without a rebound.
13:53 of 1st period - David Backes wins face-off versus Jean-Gabriel Pageau in Canadiens zone.
13:56 of 1st period - Slapshot by David Backes.
13:56 of 1st period - Shot Blocked by Greg Stewart.
13:58 of 1st period - Wrist shot by Sean Bergenheim.
13:58 of 1st period - Shot Misses the Net.
14:00 of 1st period - Slapshot by Ladislav Smid.
14:00 of 1st period - Shot Misses the Net.
14:02 of 1st period - Slapshot by Jeff Woywitka.
14:02 of 1st period - Stopped by Kristers Gudlevskis without a rebound.
14:03 of 1st period - Jean-Gabriel Pageau wins face-off versus Sidney Crosby in Canadiens zone.
14:08 of 1st period - Cam Fowler is hit by Sidney Crosby and loses puck.
14:23 of 1st period - Wrist shot by Kevin Shattenkirk.
14:23 of 1st period - Deflect By Greg Stewart.
14:23 of 1st period - Goal by Greg Stewart - Senateurs : 0 - Canadiens : 1.
14:24 of 1st period - Chris Kreider wins face-off versus Evgeni Malkin in neutral zone.
14:29 of 1st period - Wrist shot by Chris Kreider.
14:29 of 1st period - Shot Misses the Net.
14:31 of 1st period - Snap shot by Chris Kreider.
14:31 of 1st period - Deflect By Phil Kessel.
14:31 of 1st period - Shot Misses the Net.
14:31 of 1st period - Puck is out of play.
14:32 of 1st period - Mika Zibanejad wins face-off versus Evgeni Malkin in Senateurs zone.
14:41 of 1st period - Snap shot by Chris Kreider.
14:41 of 1st period - Shot Misses the Net.
15:17 of 1st period - Slapshot by Chris Kreider.
15:17 of 1st period - Stopped by Jonathan Bernier with a rebound.
15:19 of 1st period - Slapshot by Kevin Shattenkirk.
15:19 of 1st period - Shot Blocked by Eric Gelinas.
15:21 of 1st period - Slapshot by Chris Kreider.
15:21 of 1st period - Stopped by Jonathan Bernier with a rebound.
15:27 of 1st period - Snap shot by Chris Kreider.
15:27 of 1st period - Stopped by Jonathan Bernier without a rebound.
15:28 of 1st period - Cody Eakin wins face-off versus Jean-Gabriel Pageau in Senateurs zone.
16:07 of 1st period - Slapshot by Jared Cowen.
16:07 of 1st period - Stopped by Kristers Gudlevskis without a rebound.
16:08 of 1st period - David Backes wins face-off versus Jean-Gabriel Pageau in Canadiens zone.
16:39 of 1st period - Off-side.
16:40 of 1st period - Ryan Kesler wins face-off versus Cody Eakin in neutral zone.
17:04 of 1st period - Wrist shot by Scott Hartnell.
17:04 of 1st period - Shot Misses the Net.
17:06 of 1st period - Wrist shot by Ryan Kesler.
17:06 of 1st period - Stopped by Jonathan Bernier without a rebound.
17:07 of 1st period - Evgeni Malkin wins face-off versus Mika Zibanejad in Senateurs zone.
17:39 of 1st period - Wrist shot by Greg Stewart.
17:39 of 1st period - Shot Blocked by David Backes.
19:10 of 1st period - Snap shot by David Backes.
19:10 of 1st period - Stopped by Kristers Gudlevskis with a rebound.
19:55 of 1st period - Snap shot by Jordan Szwarz.
19:55 of 1st period - Shot Misses the Net.
Goals for this period are 0 for Senateurs vs 1 for Canadiens.
Shots for this period are 8 for Senateurs vs 12 for Canadiens.
2nd period
0:01 of 2nd period - Phil Kessel wins face-off versus Sidney Crosby in neutral zone.
0:12 of 2nd period - Chris Kreider is hit by Sean Bergenheim.
0:24 of 2nd period - Minor Penalty to Adam Fox for Hooking.
0:25 of 2nd period - Jean-Gabriel Pageau wins face-off versus David Backes in Canadiens zone.
0:36 of 2nd period - Snap shot by David Backes.
0:36 of 2nd period - Stopped by Kristers Gudlevskis with a rebound.
0:38 of 2nd period - Slapshot by Sidney Crosby.
0:38 of 2nd period - Stopped by Kristers Gudlevskis without a rebound.
0:39 of 2nd period - Sidney Crosby wins face-off versus Jean-Gabriel Pageau in Canadiens zone.
0:48 of 2nd period - Slapshot by Sidney Crosby.
0:48 of 2nd period - Stopped by Kristers Gudlevskis with a rebound.
1:23 of 2nd period - Off-side.
1:24 of 2nd period - Sean Bergenheim wins face-off versus Jean-Gabriel Pageau in neutral zone.
1:29 of 2nd period - Scott Hartnell is hit by Sidney Crosby and loses puck.
1:54 of 2nd period - Snap shot by Evgeni Malkin.
1:54 of 2nd period - Deflect By Reilly Smith.
1:54 of 2nd period - Shot Misses the Net.
1:54 of 2nd period - Puck is out of play.
1:55 of 2nd period - Sidney Crosby wins face-off versus Mika Zibanejad in Canadiens zone.
2:19 of 2nd period - Slapshot by Evgeni Malkin.
2:19 of 2nd period - Stopped by Kristers Gudlevskis without a rebound.
2:20 of 2nd period - Jean-Gabriel Pageau wins face-off versus Evgeni Malkin in Canadiens zone.
2:24 of 2nd period - Penalty to Adam Fox is over, Adam Fox is back on ice.
2:50 of 2nd period - Minor Penalty to Brian Dumoulin for Holding.
2:51 of 2nd period - Sidney Crosby wins face-off versus Jean-Gabriel Pageau in Canadiens zone.
3:01 of 2nd period - Snap shot by Sidney Crosby.
3:01 of 2nd period - Stopped by Kristers Gudlevskis with a rebound.
3:03 of 2nd period - Slapshot by David Backes.
3:03 of 2nd period - Stopped by Kristers Gudlevskis without a rebound.
3:04 of 2nd period - Scott Hartnell wins face-off versus Sidney Crosby in Canadiens zone.
3:37 of 2nd period - Slapshot by Eric Gelinas.
3:37 of 2nd period - Shot Misses the Net.
3:51 of 2nd period - Penalty Shot by Ladislav Smid for Senateurs.
3:51 of 2nd period - Deke by Ladislav Smid.
3:51 of 2nd period - Goal by Ladislav Smid - Senateurs : 1 - Canadiens : 1.
3:52 of 2nd period - Sidney Crosby wins face-off versus Jean-Gabriel Pageau in neutral zone.
3:53 of 2nd period - Cody Eakin wins face-off versus Greg Stewart in Senateurs zone.
4:09 of 2nd period - Minor Penalty to Adam Fox for Hooking.
4:10 of 2nd period - Jean-Gabriel Pageau wins face-off versus Sidney Crosby in Canadiens zone.
4:19 of 2nd period - Slapshot by Eric Gelinas.
4:19 of 2nd period - Stopped by Kristers Gudlevskis without a rebound.
4:20 of 2nd period - Sidney Crosby wins face-off versus Jean-Gabriel Pageau in Canadiens zone.
4:33 of 2nd period - Snap shot by David Backes.
4:33 of 2nd period - Stopped by Kristers Gudlevskis with a rebound.
4:39 of 2nd period - Wrist shot by Sidney Crosby.
4:39 of 2nd period - Goal by Sidney Crosby - Senateurs : 2 - Canadiens : 1.
4:40 of 2nd period - Sidney Crosby wins face-off versus Mika Zibanejad in neutral zone.
4:45 of 2nd period - Snap shot by Sidney Crosby.
4:45 of 2nd period - Stopped by Kristers Gudlevskis with a rebound.
5:05 of 2nd period - Tim Schaller is hit by Adam Fox and loses puck.
5:29 of 2nd period - Off-side.
5:30 of 2nd period - Ryan Kesler wins face-off versus Evgeni Malkin in neutral zone.
5:40 of 2nd period - Off-side.
5:41 of 2nd period - Sidney Crosby wins face-off versus Mika Zibanejad in neutral zone.
6:31 of 2nd period - Steve Downie is hit by Cody Eakin and loses puck.
7:16 of 2nd period - Slapshot by Mika Zibanejad.
7:16 of 2nd period - Shot Misses the Net.
7:41 of 2nd period - Snap shot by Jordan Martinook.
7:41 of 2nd period - Stopped by Kristers Gudlevskis without a rebound.
7:42 of 2nd period - Sidney Crosby wins face-off versus Mika Zibanejad in Canadiens zone.
8:03 of 2nd period - Minor Penalty to Phil Kessel for Roughing.
8:04 of 2nd period - Sidney Crosby wins face-off versus Jean-Gabriel Pageau in Canadiens zone.
8:46 of 2nd period - Wrist shot by Chris Kreider.
8:46 of 2nd period - Stopped by Jonathan Bernier with a rebound.
9:52 of 2nd period - David Backes is hit by Cam Fowler.
10:03 of 2nd period - Penalty to Phil Kessel is over, Phil Kessel is back on ice.
10:16 of 2nd period - Backhand shot by Cody Eakin.
10:16 of 2nd period - Stopped by Kristers Gudlevskis without a rebound.
10:17 of 2nd period - Corban Knight wins face-off versus Cody Eakin in Canadiens zone.
10:32 of 2nd period - Snap shot by Tim Schaller.
10:32 of 2nd period - Stopped by Kristers Gudlevskis with a rebound.
11:04 of 2nd period - Snap shot by Ryan Kesler.
11:04 of 2nd period - Stopped by Jonathan Bernier without a rebound.
11:05 of 2nd period - Sean Bergenheim wins face-off versus Ryan Kesler in Senateurs zone.
12:23 of 2nd period - Wrist shot by David Backes.
12:23 of 2nd period - Goal by David Backes - Senateurs : 3 - Canadiens : 1.
12:24 of 2nd period - Jean-Gabriel Pageau wins face-off versus Sidney Crosby in neutral zone.
12:29 of 2nd period - Wrist shot by Jean-Gabriel Pageau.
12:29 of 2nd period - Shot Misses the Net.
12:31 of 2nd period - Wrist shot by Jean-Gabriel Pageau.
12:31 of 2nd period - Shot Misses the Net.
12:38 of 2nd period - Snap shot by Greg Stewart.
12:38 of 2nd period - Shot Misses the Net.
12:40 of 2nd period - Slapshot by Adam Fox.
12:40 of 2nd period - Deflect By Greg Stewart.
12:40 of 2nd period - Stopped by Jonathan Bernier with a rebound.
12:51 of 2nd period - Minor Penalty to Adam Fox for Roughing.
12:52 of 2nd period - Sidney Crosby wins face-off versus Jean-Gabriel Pageau in Canadiens zone.
12:55 of 2nd period - Wrist shot by Sidney Crosby.
12:55 of 2nd period - Stopped by Kristers Gudlevskis with a rebound.
12:57 of 2nd period - Slapshot by Jared Cowen.
12:57 of 2nd period - Stopped by Kristers Gudlevskis without a rebound.
12:58 of 2nd period - Sidney Crosby wins face-off versus Jean-Gabriel Pageau in Canadiens zone.
13:01 of 2nd period - Slapshot by Sean Bergenheim.
13:01 of 2nd period - Shot Misses the Net.
13:57 of 2nd period - Slapshot by Jared Cowen.
13:57 of 2nd period - Shot Misses the Net.
14:19 of 2nd period - Snap shot by Eric Gelinas.
14:19 of 2nd period - Shot Misses the Net.
14:21 of 2nd period - Snap shot by Sidney Crosby.
14:21 of 2nd period - Shot Misses the Net.
14:23 of 2nd period - Wrist shot by David Backes.
14:23 of 2nd period - Stopped by Kristers Gudlevskis without a rebound.
14:24 of 2nd period - Sean Bergenheim wins face-off versus Jean-Gabriel Pageau in Canadiens zone.
14:31 of 2nd period - Wrist shot by David Backes.
14:31 of 2nd period - Goal by David Backes - Senateurs : 4 - Canadiens : 1.
14:32 of 2nd period - Sidney Crosby wins face-off versus Chris Kreider in neutral zone.
14:57 of 2nd period - Rostislav Olesz is hit by Kevin Shattenkirk and loses puck.
15:25 of 2nd period - Wrist shot by Ryan Kesler.
15:25 of 2nd period - Stopped by Jonathan Bernier without a rebound.
15:26 of 2nd period - Mika Zibanejad wins face-off versus Sidney Crosby in Senateurs zone.
15:29 of 2nd period - Snap shot by Mika Zibanejad.
15:29 of 2nd period - Stopped by Jonathan Bernier with a rebound.
15:35 of 2nd period - Snap shot by Mika Zibanejad.
15:35 of 2nd period - Stopped by Jonathan Bernier without a rebound.
15:36 of 2nd period - Mika Zibanejad wins face-off versus Sidney Crosby in Senateurs zone.
15:43 of 2nd period - Wrist shot by Chris Kreider.
15:43 of 2nd period - Stopped by Jonathan Bernier with a rebound.
15:45 of 2nd period - Backhand shot by Chris Kreider.
15:45 of 2nd period - Goal by Chris Kreider - Senateurs : 4 - Canadiens : 2.
15:46 of 2nd period - Evgeni Malkin wins face-off versus Jean-Gabriel Pageau in neutral zone.
16:13 of 2nd period - Mika Zibanejad is hit by Sidney Crosby and loses puck.
16:22 of 2nd period - Wrist shot by David Backes.
16:22 of 2nd period - Shot Blocked by Mika Zibanejad.
16:24 of 2nd period - Snap shot by David Backes.
16:24 of 2nd period - Stopped by Kristers Gudlevskis with a rebound.
17:02 of 2nd period - Snap shot by Garnet Hathaway.
17:02 of 2nd period - Shot Blocked by Kevin Shattenkirk.
17:04 of 2nd period - Slapshot by Jared Cowen.
17:04 of 2nd period - Shot Misses the Net.
17:54 of 2nd period - Snap shot by Mika Zibanejad.
17:54 of 2nd period - Shot Misses the Net.
18:17 of 2nd period - Snap shot by Chris Kreider.
18:17 of 2nd period - Stopped by Jonathan Bernier with a rebound.
18:27 of 2nd period - Slapshot by David Backes.
18:27 of 2nd period - Stopped by Kristers Gudlevskis without a rebound.
18:28 of 2nd period - Cody Eakin wins face-off versus Jean-Gabriel Pageau in Canadiens zone.
18:41 of 2nd period - Wrist shot by Jason Pominville.
18:41 of 2nd period - Shot Misses the Net.
19:21 of 2nd period - Snap shot by Evgeni Malkin.
19:21 of 2nd period - Stopped by Kristers Gudlevskis without a rebound.
19:22 of 2nd period - Jean-Gabriel Pageau wins face-off versus Evgeni Malkin in Canadiens zone.
19:39 of 2nd period - Wrist shot by Jean-Gabriel Pageau.
19:39 of 2nd period - Stopped by Jonathan Bernier with a rebound.
Goals for this period are 4 for Senateurs vs 1 for Canadiens.
Shots for this period are 21 for Senateurs vs 10 for Canadiens.
3rd period
0:01 of 3rd period - Cody Eakin wins face-off versus Jean-Gabriel Pageau in neutral zone.
0:30 of 3rd period - Off-side.
0:31 of 3rd period - Sidney Crosby wins face-off versus Mika Zibanejad in neutral zone.
0:41 of 3rd period - Minor Penalty to Sean Bergenheim for Cross-checking.
0:42 of 3rd period - Mika Zibanejad wins face-off versus Sidney Crosby in Senateurs zone.
0:44 of 3rd period - Wrist shot by Mika Zibanejad.
0:44 of 3rd period - Stopped by Jonathan Bernier with a rebound.
0:46 of 3rd period - Slapshot by Chris Kreider.
0:46 of 3rd period - Shot Misses the Net.
0:48 of 3rd period - Wrist shot by Phil Kessel.
0:48 of 3rd period - Goal by Phil Kessel - Senateurs : 4 - Canadiens : 3.
0:49 of 3rd period - Phil Kessel wins face-off versus Sidney Crosby in neutral zone.
0:56 of 3rd period - Slapshot by Mika Zibanejad.
0:56 of 3rd period - Shot Blocked by Michael Matheson.
1:23 of 3rd period - Snap shot by Jean-Gabriel Pageau.
1:23 of 3rd period - Goal by Jean-Gabriel Pageau - Senateurs : 4 - Canadiens : 4.
1:24 of 3rd period - Jean-Gabriel Pageau wins face-off versus Tim Schaller in neutral zone.
1:51 of 3rd period - Sean Bergenheim is hit by Kevin Shattenkirk and loses puck.
2:30 of 3rd period - Brandon Bollig is hit by Eric Gelinas and loses puck.
3:59 of 3rd period - Reilly Smith is hit by Brandon Bollig and loses puck.
4:21 of 3rd period - Tomas Nosek is hit by Steve Downie and loses puck.
4:32 of 3rd period - Snap shot by Garnet Hathaway.
4:32 of 3rd period - Deflect By Jordan Martinook.
4:32 of 3rd period - Shot Hit the Post.
4:32 of 3rd period - Puck is out of play.
4:33 of 3rd period - Mika Zibanejad wins face-off versus Sidney Crosby in Canadiens zone.
4:38 of 3rd period - Wrist shot by Mika Zibanejad.
4:38 of 3rd period - Stopped by Jonathan Bernier with a rebound.
5:07 of 3rd period - Wrist shot by Mattias Tedenby.
5:07 of 3rd period - Stopped by Jonathan Bernier with a rebound.
5:09 of 3rd period - Slapshot by Mattias Tedenby.
5:09 of 3rd period - Goal by Mattias Tedenby - Senateurs : 4 - Canadiens : 5.
5:10 of 3rd period - Sean Bergenheim wins face-off versus Mika Zibanejad in neutral zone.
5:19 of 3rd period - Wrist shot by David Backes.
5:19 of 3rd period - Shot Blocked by Cam Fowler.
5:23 of 3rd period - Snap shot by Sidney Crosby.
5:23 of 3rd period - Shot Misses the Net.
5:25 of 3rd period - Snap shot by Sean Bergenheim.
5:25 of 3rd period - Stopped by Kristers Gudlevskis with a rebound.
5:54 of 3rd period - Taylor Chorney is hit by Scott Hartnell and loses puck.
5:59 of 3rd period - Snap shot by Steve Downie.
5:59 of 3rd period - Shot Misses the Net.
6:03 of 3rd period - Snap shot by Scott Hartnell.
6:03 of 3rd period - Stopped by Jonathan Bernier without a rebound.
6:04 of 3rd period - Sidney Crosby wins face-off versus Mika Zibanejad in Senateurs zone.
6:16 of 3rd period - Ladislav Smid is hit by Mika Zibanejad and loses puck.
7:14 of 3rd period - Slapshot by Jordan Szwarz.
7:14 of 3rd period - Shot Blocked by Tomas Nosek.
7:24 of 3rd period - Tomas Nosek is hit by Brandon Bollig and loses puck.
7:57 of 3rd period - Minor Penalty to Taylor Chorney for Interference.
7:58 of 3rd period - Sidney Crosby wins face-off versus Mika Zibanejad in Senateurs zone.
8:04 of 3rd period - Icing by Chris Kreider.
8:05 of 3rd period - David Backes wins face-off versus Chris Kreider in Canadiens zone.
8:06 of 3rd period - Slapshot by Sidney Crosby.
8:06 of 3rd period - Shot Misses the Net.
8:24 of 3rd period - Slapshot by Adam Fox.
8:24 of 3rd period - Goal by Adam Fox - Senateurs : 4 - Canadiens : 6.
8:25 of 3rd period - Jean-Gabriel Pageau wins face-off versus Cody Eakin in neutral zone.
8:56 of 3rd period - Snap shot by Reilly Smith.
8:56 of 3rd period - Shot Blocked by Cam Fowler.
8:58 of 3rd period - Wrist shot by Rostislav Olesz.
8:58 of 3rd period - Shot Misses the Net.
9:16 of 3rd period - Snap shot by Jordan Szwarz.
9:16 of 3rd period - Deflect By Brandon Bollig.
9:16 of 3rd period - Shot Hit the Post.
9:16 of 3rd period - Puck is out of play.
9:17 of 3rd period - Corban Knight wins face-off versus Sidney Crosby in Senateurs zone.
9:32 of 3rd period - Snap shot by David Backes.
9:32 of 3rd period - Deflect By Sidney Crosby.
9:32 of 3rd period - Shot Misses the Net.
9:32 of 3rd period - Puck is out of play.
9:33 of 3rd period - Jean-Gabriel Pageau wins face-off versus Cody Eakin in Canadiens zone.
10:11 of 3rd period - Wrist shot by Chris Kreider.
10:11 of 3rd period - Stopped by Jonathan Bernier with a rebound.
10:21 of 3rd period - Jared Cowen is hit by Mika Zibanejad and loses puck.
10:36 of 3rd period - Snap shot by Adam Fox.
10:36 of 3rd period - Shot Blocked by Sean Bergenheim.
11:10 of 3rd period - Snap shot by David Backes.
11:10 of 3rd period - Stopped by Kristers Gudlevskis with a rebound.
11:12 of 3rd period - Slapshot by Michael Matheson.
11:12 of 3rd period - Stopped by Kristers Gudlevskis with a rebound.
11:40 of 3rd period - Chris Kreider is hit by Michael Matheson and loses puck.
11:55 of 3rd period - Slapshot by David Backes.
11:55 of 3rd period - Stopped by Kristers Gudlevskis without a rebound.
11:56 of 3rd period - Jean-Gabriel Pageau wins face-off versus Evgeni Malkin in Canadiens zone.
12:23 of 3rd period - Tim Schaller is hit by Scott Hartnell and loses puck.
12:46 of 3rd period - Eric Gelinas is hit by Ian White and loses puck.
12:53 of 3rd period - Jordan Szwarz is hit by Tomas Nosek and loses puck.
13:26 of 3rd period - Slapshot by Jason Pominville.
13:26 of 3rd period - Deflect By Tim Schaller.
13:26 of 3rd period - Stopped by Kristers Gudlevskis with a rebound.
13:47 of 3rd period - Corban Knight is hit by Jordan Martinook and loses puck.
14:56 of 3rd period - Jordan Szwarz is hit by Jeff Woywitka and loses puck.
15:18 of 3rd period - Reilly Smith is hit by Greg Stewart and loses puck.
16:30 of 3rd period - Corban Knight is hit by Jared Cowen and loses puck.
17:52 of 3rd period - Taylor Chorney is hit by Ryan Kesler and loses puck.
17:57 of 3rd period - Snap shot by Steve Downie.
17:57 of 3rd period - Stopped by Jonathan Bernier without a rebound.
17:58 of 3rd period - Ryan Kesler wins face-off versus Evgeni Malkin in Senateurs zone.
18:01 of 3rd period - Snap shot by Steve Downie.
18:01 of 3rd period - Goal by Steve Downie - Senateurs : 4 - Canadiens : 7.
18:02 of 3rd period - Mika Zibanejad wins face-off versus Cody Eakin in neutral zone.
18:05 of 3rd period - Snap shot by Mark Stuart.
18:05 of 3rd period - Shot Misses the Net.
18:28 of 3rd period - Ladislav Smid is hit by Mark Stuart and loses puck.
19:06 of 3rd period - Icing by Evgeni Malkin.
19:07 of 3rd period - Corban Knight wins face-off versus Tomas Nosek in Senateurs zone.
19:44 of 3rd period - Cody Eakin is hit by Kevin Shattenkirk.
Goals for this period are 0 for Senateurs vs 5 for Canadiens.
Shots for this period are 5 for Senateurs vs 11 for Canadiens.